 Dungeon Crawl Stone Soup version 0.28.0-53-g5a82cb258f (webtiles) character file.

Game seed: 15600896829846108229

151 daervis the Shooter (level 5, -4/45 HPs)
             Began as a Minotaur Hunter on Aug 8, 2022.
             Slain by an orc
             ... wielding a +0 falchion
              (5 damage)
             ... on level 3 of the Dungeon.
             The game lasted 00:14:14 (3718 turns).

daervis the Shooter (Minotaur Hunter)               Turns: 3718, Time: 00:14:14

Health: -4/45      AC:  3    Str: 18    XL:     5   Next: 10%
Magic:  4/4        EV: 15    Int:  8    God:
Gold:   142        SH:  0    Dex: 11    Spells: 4/4 levels left

rFire   . . .      SeeInvis .   a - +1 shortbow
rCold   . . .      Faith    .   (shield currently unavailable)
rNeg    . . .      Spirit   .   c - +0 leather armour
rPois   .          Reflect  .   (helmet restricted)
rElec   .          Harm     .   (no cloak)
rCorr   .          Rampage  .   (no gloves)
Will    .....                   (no boots)
Stlth   +.........              (no amulet)
HPRegen 0.15/turn               e - +4 ring of evasion
MPRegen 0.09/turn               (no ring)

@: lethally poisoned (-4 -> -6)
A: horns 2, retaliatory headbutt
a: no special abilities


You were on level 3 of the Dungeon.
You visited 1 branch of the dungeon, and saw 4 of its levels.

You collected 142 gold pieces.

Inventory:

Hand Weapons
 a - a +1 shortbow (weapon)
 b - a +0 short sword
 q - a +0 whip
Missiles
 g - an arrow (quivered ammo)
Armour
 c - a +0 leather armour (worn)
Jewellery
 e - a +4 ring of evasion (left hand)
 j - a ring of protection from cold
Scrolls
 d - a scroll of fear {unknown}
 m - a scroll of immolation {unknown}
 n - a scroll of blinking {unknown}
 o - a scroll of brand weapon {unknown}
 s - a scroll of noise {unknown}
Potions
 f - a potion of brilliance {unknown}
 h - 2 potions of haste {unknown}
 i - a potion of attraction {unknown}
 k - 2 potions of berserk rage {unknown}
 l - a potion of mutation {unknown}
 p - a potion of resistance {unknown}
 r - a potion of might {unknown}


   Skills:
 * Level 3.1 Fighting
 * Level 6.6 Bows
 * Level 1.4 Armour
 - Level 2.1 Dodging
 + Level 0.8 Stealth


You had 4 spell levels left.
You didn't know any spells.
Your spell library contained the following spells:

 Spells                   Type           Power      Damage    Failure   Level
 Sandblast                Erth           0%         2d4       45%         1
 Corpse Rot               Necr/Air       0%         N/A       61%         2
 Passwall                 Tmut/Erth      0%         N/A       61%         2
 Poisonous Vapours        Pois/Air       0%         N/A       61%         2
 Call Canine Familiar     Summ           0%         N/A       83%         3
 Ozocubu's Armour         Ice            0%         N/A       83%         3
 Portal Projectile        Hex/Tloc       0%         N/A       83%         3
 Stone Arrow              Conj/Erth      0%         3d7       83%         3
 Tukima's Dance           Hex            0%         N/A       83%         3
 Leda's Liquefaction      Hex/Erth       0%         N/A       99%         4
 Passage of Golubria      Tloc           0%         N/A       99%         4
 Metabolic Englaciation   Hex/Ice        0%         N/A       100%        5
 Yara's Violent Unravell  Hex/Tmut       0%         3d3       100%        5
 Simulacrum               Ice/Necr       0%         N/A       100%        6


Dungeon Overview and Level Annotations

Branches:
Dungeon (4/15)
 Temple: D:4-7

Altars:

Shops:
D:1 :   D:2 [


Innate Abilities, Weirdness & Mutations

You have a pair of horns on your head.
You reflexively headbutt those who attack you in melee.


Message History

You feel very sick.
There is a stone staircase leading down here.
You are too injured to fight recklessly!
You are too injured to fight recklessly!
You are too injured to fight recklessly!
You are too injured to fight recklessly!
You are too injured to fight recklessly!
You are too injured to fight recklessly!
You are too injured to fight recklessly!
Unknown command.
You can't go up here!
* * * LOW HITPOINT WARNING * * *
You feel sick. The orc misses you. The scorpion barely misses you.
You climb downwards.
* * * LOW HITPOINT WARNING * * *
You feel very sick.
There is a stone staircase leading up here.
You are too injured to fight recklessly!
You are too injured to fight recklessly!
You are too injured to fight recklessly!
You are too injured to fight recklessly!
Unknown command.
* * * LOW HITPOINT WARNING * * *
You feel sick. The scorpion closely misses you. The orc misses you.
The scorpion barely misses you.
You climb upwards.
* * * LOW HITPOINT WARNING * * *
You feel sick.
There is a stone staircase leading down here.
You are too injured to fight recklessly!
Unknown command.
Unknown command.
Unknown command.
Unknown command.
You are too injured to fight recklessly!
You are too injured to fight recklessly!
You clumsily bash the orc but do no damage.
* * * LOW HITPOINT WARNING * * *
You feel sick. The orc hits you with a +0 falchion.
You die...

#.#####.######........#.....P.
#.##...........##.##.#PP..P...
#.##.##.######.##.##.#......P.
###.##.##.# #........#........
#.........# #..##.##.#........
##.######### #..##.##.#####_###
#..# #########........#...P....
#.## #.......#.o##.####..P.P...
#.# #.......#@.##.####........
#.# #.......#s.......#....PP.P
#.# #.........###.....#...P...
#.## #.......#.........#P..P..P
#..# #.......#.#####.###..P...P
##.# #.......#.#####.##.##...##
#.#############.##....#####...#)
#.#.......# #.##.##.# ####..
#.#.#####.#####.##.##.# #.#...


You could see a scorpion and an orc.

Vanquished Creatures
  A gnoll (D:1)
  6 adders
  4 dart slugs
  3 orcs (D:3)
  3 bats
  7 endoplasms
  4 giant cockroaches
  5 goblins
  4 hobgoblins
  7 jackals
  6 kobolds
  A quokka (D:3)
  4 ball pythons
  3 frilled lizards
  23 rats
81 creatures vanquished.

Vanquished Creatures (others)
  2 demonic plants (D:3)
  A fungus (D:3)
  A plant (D:3)
4 creatures vanquished.

Grand Total: 85 creatures vanquished

Notes
Turn   | Place    | Note
-------+----------+-------------------------------------------
     0 | D:1      | daervis the Minotaur Hunter began the quest for the Orb.
     0 | D:1      | Reached XP level 1. HP: 18/18 MP: 0/0
    71 | D:1      | Found Axaomellun's Book Shop.
   253 | D:1      | Reached XP level 2. HP: 25/25 MP: 1/1
   318 | D:1      | Reached skill level 5 in Bows
   728 | D:1      | Reached skill level 1 in Armour
   728 | D:1      | Reached XP level 3. HP: 8/30 MP: 2/2
  1208 | D:2      | Reached XP level 4. HP: 35/37 MP: 3/3
  1501 | D:2      | Found Xesy's Antique Armour Shoppe.
  1549 | D:2      | Reached skill level 6 in Bows
  1962 | D:3      | Found a faded altar of an unknown god.
  1974 | D:4      | Noticed a scorpion
  3335 | D:3      | Reached XP level 5. HP: 45/45 MP: 4/4
  3717 | D:3      | HP: 1/45 [poisoned by a scorpion]
  3718 | D:3      | Slain by an orc

Illustrated notes

Levels and vault maps discovered:
D:1:      ncdulo_wetmaze, layout_basic, serial_shops, shop
D:2:      layout_loops_ring, serial_shops, nicolae_lakefront_shop
D:3:      layout_loops_cross, shapermc_ecumenical_altar_gd,
          chequers_serial_rivers_micro_c, eino_tiny_chamber, minmay_rat_hole
D:4:      layout_basic, uniq_sigmund, uniq_grinder

Skill      XL: |  1  2  3  4 |
---------------+-------------+-----
Bows           | 5 6 |  6.6
Armour         | 1 |  1.4
Fighting       | 3 |  3.1
Dodging        | |  2.1
Stealth        | |  0.8

Action                   |  1- 3 |  4- 6 || total
-------------------------+-------+-------++-------
Melee: Shortbow          |       |    31 ||    31
       Headbutt          |       |     6 ||     6
 Fire: Shortbow          |    81 |    88 ||   169
Armor: Leather armour    |     6 |    23 ||    29
Dodge: Dodged            |    23 |   101 ||   124
